 Dungeon Crawl Stone Soup version 0.25-a0-474-ga8a2ee3 (webtiles) character file.

Game seed: 9010668856980761231, levelgen mode: deterministic

184 Ayyar the Sneak (level 5, -8/36 HPs)
             Began as an Octopode Assassin on Feb 7, 2020.
             Killed by divine providence
             ... invoked by an orc priest
              (15 damage)
             ... on level 3 of the Dungeon.
             The game lasted 00:07:27 (2644 turns).

Ayyar the Sneak (Octopode Assassin)                 Turns: 2644, Time: 00:07:27

Health: -8/36      AC:  1    Str: 12    XL:     5   Next: 63%
Magic:  5/5        EV: 13    Int: 13    God:
Gold:   69         SH:  0    Dex: 13    Spells: 4/4 levels left

rFire    . . .     SeeInvis .   a - +2 dagger
rCold    . . .     Gourm    .   (no shield)
rNeg     . . .     Faith    .   (helmet restricted)
rPois    .         Spirit   .   (no amulet)
rElec    .         Reflect  .   (no ring)
rCorr    .         Harm     .   (no ring)
MR       .....                  (no ring)
Stlth    ++++......             (no ring)
HPRegen  0.12/turn              (no ring)
MPRegen  0.09/turn              (no ring)
                                (no ring)
                                (no ring)

@: no status effects
A: almost no armour, stealthy swim, amphibious, 8 rings, constrict 8, camouflage
1, gelatinous body 1
a: no special abilities


You were on level 3 of the Dungeon.
You were hungry.

You visited 1 branch of the dungeon, and saw 3 of its levels.

You collected 69 gold pieces.

Inventory:

Hand Weapons
 a - a +2 dagger (weapon)
 c - a +0 short sword of speed
 k - a +2 whip of electrocution
Missiles
 b - 23 poisoned darts (quivered)
Scrolls
 e - 2 scrolls of magic mapping {unknown}
 g - 2 scrolls of immolation {unknown}
 h - 3 scrolls of identify {unknown}
 j - a scroll of amnesia {unknown}
 l - 2 scrolls of remove curse {unknown}
 n - a scroll of enchant weapon {unknown}
Potions
 i - 4 potions of curing {unknown}
 m - a potion of magic {unknown}
Comestibles
 d - 12 rations


   Skills:
 + Level 2.9 Fighting
 + Level 2.8 Short Blades
 + Level 2.8 Throwing
 + Level 2.2 Dodging
 * Level 7.0 Stealth


You had 4 spell levels left.
You didn't know any spells.
Your spell library was empty.

Dungeon Overview and Level Annotations

Branches:
Dungeon (3/15)

Altars:
Fedhas
Ru
Trog
Vehumet


Innate Abilities, Weirdness & Mutations

You cannot wear most types of armour.
You are very stealthy in the water. (Stealth+)
You are amphibious.
You can wear up to eight rings at the same time.
You can use your tentacles to constrict eight enemies at once.
Your skin changes colour to match your surroundings (Stealth+).
Your rubbery body absorbs attacks. (AC +1, EV +1)


Message History

The orc priest mumbles some strange prayers to Beogh against you.
Pain shoots through your body!
You hit the orc. You grab the orc.
The orc is heavily wounded.
You constrict the orc. The orc hits you but does no damage.
You hit the orc. Your squeeze misses the orc.
The orc is almost dead.
You constrict the orc.
You kill the orc!
The orc barely misses you.
The orc wizard casts a spell.
The orc wizard blinks!
The orc priest calls down the wrath of Beogh upon you.
Pain shoots through your body!
* * * LOW HITPOINT WARNING * * *
The orc closely misses you. The orc barely misses you.
The orc priest mumbles some strange prayers to Beogh against you.
Beogh smites you!
You die...

.#).....#### #..........#
.#..รท...# #..........#
........# #####..........
........###.......oo..#
..........#.###.#.....#
##..............#og...#
#......###.......ooo..#
.(#....#.......##.....#
)##....#........@.....#
...........#........###
###......##..........#
.......#.##..........######
#.#....#.##...............#
#.........................#
###....####...............#
..........................#
###########...............#


You could see an orc priest, an orc wizard, 4 orcs and a goblin.

Vanquished Creatures
  Terence (D:2)
  Robin (D:2)
  4 adders
  2 worms (D:3)
  A dart slug (D:2)
  3 leopard geckos (D:1)
  12 orcs (D:3)
  2 giant cockroaches (D:2)
  8 goblins
  14 hobgoblins
  6 jackals (D:1)
  12 kobolds
  A quokka (D:3)
  8 bats
  3 frilled lizards
  4 rats
82 creatures vanquished.

Notes
Turn   | Place    | Note
-------+----------+-------------------------------------------
     0 | D:1      | Ayyar the Octopode Assassin began the quest for the Orb.
     0 | D:1      | Reached XP level 1. HP: 14/14 MP: 1/1
   166 | D:1      | Reached XP level 2. HP: 14/19 MP: 2/2
   843 | D:1      | Reached XP level 3. HP: 25/25 MP: 3/3
  1167 | D:2      | Reached skill level 6 in Stealth
  1185 | D:2      | Noticed Robin
  1206 | D:2      | Killed Robin
  1206 | D:2      | Reached XP level 4. HP: 24/30 MP: 4/4
  1428 | D:2      | Noticed Terence
  1446 | D:2      | Killed Terence
  1446 | D:2      | Reached XP level 5. HP: 28/35 MP: 5/5
  1493 | D:2      | Found a bloodstained altar of Trog.
  1493 | D:2      | Found a radiant altar of Vehumet.
  1498 | D:2      | Found a blossoming altar of Fedhas.
  1500 | D:2      | Found a sacrificial altar of Ru.
  1501 | D:2      | Found a faded altar of an unknown god.
  2386 | D:3      | Reached skill level 7 in Stealth
  2644 | D:3      | Killed from afar by an orc priest

Levels and vault maps discovered:
D:1:      lightli_arrival_lavapool, layout_loops_cross
D:2:      layout_basic, chequers_temple_overflow_minitemple, first_ration,
          uniq_robin, uniq_terence
D:3:      layout_rooms, fedhas_ov_isle_minmay

Skill      XL: |  1  2  3  4  5 |
---------------+----------------+-----
Stealth        | 6 7 |  7.0
Dodging        | 2 |  2.2
Fighting       | |  2.9
Short Blades   | |  2.8
Throwing       | |  2.8

Action                   |  1- 3 |  4- 6 || total
-------------------------+-------+-------++-------
Melee: Dagger            |    66 |   116 ||   182
       Constrict         |    17 |    34 ||    51
       Tentacles         |     7 |    18 ||    25
Throw: Dart              |     3 |     2 ||     5
 Stab: Sleeping          |     7 |    11 ||    18
  Eat: Chunk             |     1 |     4 ||     5
Armor: Skin              |     3 |    10 ||    13
Dodge: Dodged            |    40 |    54 ||    94

Table legend:
 A = Non-vault XP
 B = Vault XP
 C = Vault XP percentage of total XP
 D = Non-vault monster count
 E = Vault monster count
 F = Vault count percentage of total count
                 A         B        C        D         E       F
            +---------+---------+-------+---------+---------+-------
      Total |     189 |      74 |  28.1 |      69 |      13 |  15.9
            +---------+---------+-------+---------+---------+-------
        D:1 |      40 |       0 |   0.0 |      22 |       0 |   0.0
        D:2 |      66 |      74 |  52.9 |      19 |      13 |  40.6
        D:3 |      83 |       0 |   0.0 |      28 |       0 |   0.0
            +---------+---------+-------+---------+---------+-------
